 Dungeon Crawl Stone Soup version 0.31-a0-152-g6aa68a64a1 (webtiles) character file.

Game seed: 16651610863143844684

36 qw the Shooter (level 3, -3/31 HPs)
             Began as a Minotaur Hunter on June 9, 2023.
             Splashed by a jelly's acid (6 damage)
             ... on level 2 of the Dungeon.
             The game lasted 00:00:23 (969 turns).

qw the Shooter (Minotaur Hunter)                     Turns: 969, Time: 00:00:23

Health: -3/31      AC:  4    Str: 12 (15) XL:     3   Next: 19%
Magic:  2/2        EV: 11    Int:  4 (6)  God:
Gold:   38         SH:  0    Dex: 12 (15) Spells: 2/2 levels left

rFire   . . .        Y - +0 shortbow
rCold   . . .        (shield currently unavailable)
rNeg    . . .        c - +0 leather armour
rPois   .            (helmet restricted)
rElec   .            (no cloak)
rCorr   .            (no gloves)
SInv    .            d - +0 pair of boots
Will    .....        (no amulet)
Stlth   +            (no ring)
HPRegen 0.25/turn    (no ring)
MPRegen 0.08/turn

%: no passive effects
@: about to teleport
A: horns 2, retaliatory headbutt
a: no special abilities


You were on level 2 of the Dungeon.
You visited 1 branch of the dungeon, and saw 2 of its levels.

You collected 38 gold pieces.


Innate Abilities, Weirdness & Mutations

You have a pair of horns on your head.
You reflexively headbutt those who attack you in melee.


   Skills:
 - Level 3.0 Fighting
 + Level 5.3 Ranged Weapons
 - Level 2.1 Dodging
 - Level 0.7 Stealth


You had 2 spell levels left.
You didn't know any spells.
Your spell library was empty.

Inventory:

Hand Weapons
 Y - a +0 shortbow (weapon)
Armour
 a - a +0 ring mail
 c - a +0 leather armour (worn)
 d - a +0 pair of boots (worn)
Scrolls
 e - a scroll of vulnerability {unknown}
Potions
 b - a potion of attraction {unknown}
 f - a potion of invisibility {unknown}

Dungeon Overview and Level Annotations

Branches:
Dungeon (2/15)

Altars:


Message History

You open the door.
There is an open door here.
A kobold comes into view. It is wielding a +0 club.
The kobold shouts!
Enter note: You shoot an arrow.
The arrow hits the kobold!
You kill the kobold!
Things that are here:
a +0 club; a kobold corpse You open the door. 2 endoplasms come into view.
Found a hobgoblin skeleton.
Enter note: The endoplasm quivers.
You shoot an arrow. The arrow barely misses the endoplasm.
The endoplasm quivers.
The endoplasm closely misses you.
You shoot an arrow. The arrow hits the endoplasm.
The endoplasm is lightly wounded.
An endoplasm comes into view.
The endoplasm freezes you.
You are frozen.
The endoplasm hits the toadstool.
An endoplasm comes into view.
The endoplasm moves out of view.
A jelly comes into view.
You shoot an arrow. The arrow hits the jelly.
The jelly is lightly wounded.
The endoplasm hits the toadstool.
The toadstool is destroyed!
You shoot an arrow. The arrow hits the jelly.
The jelly is moderately wounded.
The jelly hits you.
You are splashed with acid.
You shoot an arrow. The arrow hits the jelly.
The jelly is moderately wounded.
The jelly hits you.
You are splashed with acid!
969 ||| READING scroll of teleportation.
As you read the scroll of teleportation, it crumbles to dust.
You feel strangely unstable. The jelly hits you.
You are splashed with acid.
You die...

%.. . ... 8 ..8 . #.#
###### # #.# ########
#J..... #
#.#####......##JJ.P%.P
###.#.##)......#@#
##....)).......#)#
.<.#..)........#.#
##.##.'......#'#.#
##..#.##.....#.#.#
#...####....#.#.#
#.#..# #######.##
#.##.# ### #.# ..


You could see a jelly and 2 endoplasms.

Vanquished Creatures
  2 ball pythons (D:1)
  An endoplasm (D:1)
  2 giant cockroaches
  8 goblins
  2 hobgoblins (D:1)
  8 kobolds
  A quokka (D:1)
  3 bats (D:1)
  2 frilled lizards (D:1)
  4 rats (D:1)
33 creatures vanquished.

Notes
Turn   | Place    | Note
-------+----------+-------------------------------------------
     0 | D:1      | qw the Minotaur Hunter began the quest for the Orb.
     0 | D:1      | Reached XP level 1. HP: 18/18 MP: 0/0
     0 | D:1      | 0 ||| qw: Version: 0.2-a-121-gba3a3e5
     0 | D:1      | 0 ||| qw: Game counter: 3198
     0 | D:1      | 0 ||| qw: Always use a shield: true
     0 | D:1      | 0 ||| qw: God list: Okawaru
     0 | D:1      | 0 ||| qw: Allow faded altars: false
     0 | D:1      | 0 ||| qw: Do Orc after D:15 true
     0 | D:1      | 0 ||| qw: Do second Lair branch before Depths: true
     0 | D:1      | 0 ||| qw: Lair rune preference: random
     0 | D:1      | 0 ||| qw: Plans: Normal
     0 | D:1      | 0 ||| PLANNING D:1-11
   178 | D:1      | 178 ||| FLEEEEING.
   179 | D:1      | 179 ||| FLEEEEING.
   180 | D:1      | 180 ||| FLEEEEING.
   181 | D:1      | 181 ||| FLEEEEING.
   182 | D:1      | 182 ||| FLEEEEING.
   183 | D:1      | 183 ||| FLEEEEING.
   184 | D:1      | 184 ||| FLEEEEING.
   224 | D:1      | Reached XP level 2. HP: 25/25 MP: 1/1
   273 | D:1      | Reached skill level 5 in Ranged Weapons
   377 | D:1      | Reached skill level 3 in Fighting
   821 | D:1      | 821 ||| UPGRADING to +0 pair of boots.
   826 | D:1      | 826 ||| READING scroll labelled LOILE IMUAMUUC.
   827 | D:1      | 827 ||| READING 2 scrolls labelled VOAKOO LYREO.
   830 | D:1      | 830 ||| DRINKING 2 sedimented green potions.
   831 | D:1      | 831 ||| DROPPING scroll of butterflies.
   832 | D:1      | 832 ||| DROPPING potion of degeneration.
   855 | D:2      | Reached XP level 3. HP: 31/31 MP: 2/2
   968 | D:2      | HP: 6/31 [acid (12)]
   969 | D:2      | 969 ||| READING scroll of teleportation.
   969 | D:2      | Splashed by a jelly's acid

Levels and vault maps discovered:
D:1:      nzn_arrival_depleted_hourglass, layout_loops_ring, minmay_tetromino_t4
D:2:      cheibrodos_fertilizer, layout_basic,
          shapermc_ecumenical_altar_pompeii, palyth_stone_intersect

Skill      XL: |  1  2 |
---------------+-------+-----
Ranged Weapons | 5 |  5.3
Fighting       | 3 |  3.0
Dodging        | |  2.1
Stealth        | |  0.7

Action                     || total
---------------------------++-------
   Fire: Shortbow          ||    76
    Use: Scroll            ||     3
         Potion            ||     1
 Armour: Leather armour    ||     4
  Dodge: Dodged            ||     8

Table legend:
 A = Non-vault XP
 B = Vault XP
 C = Vault XP percentage of total XP
 D = Non-vault monster count
 E = Vault monster count
 F = Vault count percentage of total count
                 A         B        C        D         E       F
            +---------+---------+-------+---------+---------+-------
      Total |      41 |      11 |  21.2 |      25 |       8 |  24.2
            +---------+---------+-------+---------+---------+-------
        D:1 |      37 |       3 |   7.5 |      23 |       2 |   8.0
        D:2 |       4 |       8 |  66.7 |       2 |       6 |  75.0
            +---------+---------+-------+---------+---------+-------
